woodfighter, neutral female human Tourist ---------------- ---------------- |.......*.......######-..>............# |..............| ###|..............|# |..............-# ###...............|# ---------- |..............|#### ---.------------# |.........# ----|-----------## # #### |.{......|### # ### ## # -------- |.........# # ### ## # ##-......| ----------# ### # #### ### |...%..| # # # # # # |......| # #################################@######)#####.......| ### -----|---- % * #########u### -------- # |.....(...##%##########-------------- ###|*.......| # ### |............| #.<....^..-### # |.........._.| ---------- ##-............| -------------- woodfighter the Excursionist Experience level: 6 Strength: 14 Dexterity: 13 Constitution: 17 Intelligence: 12 Wisdom: 10 Charisma: 14 Health: 0(47) Energy: 21(21) Def: 1 Gold: 47 Moves: 3567 Dungeon seed: NyyCY4Iom991REAG Game ID: woodfighter_1529130530 Your Inventory: Coins $ - 47 gold pieces Amulets T - a cursed amulet of strangulation Weapons a - 46 blessed +2 darts (in quiver) b - a cursed -3 dart g - a blessed poisoned +1 dart R - a +2 dwarvish spear named Spear of Omen (weapon in hand) Y - 30 cursed -6 darts Z - a +0 dart Armor e - an uncursed +0 Hawaiian shirt k - an uncursed +0 dwarvish cloak l - an uncursed +0 dwarvish roundshield m - an uncursed +0 pair of iron shoes z - an uncursed +0 Hawaiian shirt W - an uncursed +0 orcish helm (being worn) Comestibles c - an uncursed egg d - 6 uncursed food rations f - 4 uncursed tripe rations h - 3 uncursed cram rations r - 2 uncursed cloves of garlic M - an uncursed sprig of wolfsbane S - an uncursed cream pie Scrolls C - 2 uncursed scrolls of identify N - an uncursed scroll of enchant weapon Rings t - an uncursed ring of regeneration u - a cursed ring of hunger Wands o - a blessed wand of digging (0:6) p - a wand of secret door detection (0:11) H - a wand of teleportation (0:8) I - a wand of enlightenment (0:14) J - a wand of cold (0:5) Tools n - an expensive camera (0:81) q - an uncursed leash y - an uncursed credit card Spells and supernatural/magical abilities: Name Level Category Fail Memory W - pray for help -- divine ? -- Your skills at the end: Miscellaneous Skills wands [Basic] Weapon Skills dart [Skilled] Spellcasting Skills Final Attributes: You were devoutly aligned. Your writing hand was ok. You were telepathic. You were stealthy. You are dead. Vanquished creatures: 8 bugbears an imp a fog cloud a shrieker 2 gnome lords a gnomish wizard 2 floating eyes a kitten a dwarf a homunculus a kobold shaman an iguana 4 rothes a jitterbug a hobbit 2 geckos 4 hobgoblins 6 cave spiders a red mold a gnome 3 manes 2 jackals 2 kobolds 5 newts 2 goblins 7 sewer rats 4 grid bugs 4 lichens a kobold zombie 71 creatures vanquished. Voluntary challenges: You had followed a strict vegetarian diet until turn 2501. You did not cause conflict. You were not invisible. You did not have reflection. You were not displaced. You used a wielded weapon 2 times, starting on turn 1296. You did not apply a unicorn horn. You did not use plumbed fixtures. You did not drink any magical draughts. You were illiterate. You never genocided any monsters. You never polymorphed an object. You never changed form. You used no wishes. You never split a pudding. You never wrote Elbereth's name. You never violated your personal moral code. Dungeon overview: The Dungeons of Doom: levels 1 to 8 Level 1 a fountain a long staircase Level 2 (vault) stairs to The Gnomish Mines Level 3 (water) a general store, an altar to Blind Io, a fountain Level 4 a general store, a fountain Level 5 (water) an altar to Offler, a fountain, a sink Level 6 (throne) a fountain, a throne Level 7 (stash + unicorn) <- You were here an altar to Offler, a fountain Level 8 The Gnomish Mines: Level 3 stairs to The Dungeons of Doom History has recorded: On T:1 you entered the Dungeons of Doom to retrieve the Amulet of Yendor! On T:118 you reached level 2 of The Dungeons of Doom. On T:545 you reached level 3 of The Dungeons of Doom. On T:582 you reached level 1 of The Gnomish Mines. On T:1311 you advanced to experience level 2. On T:1391 you reached level 4 of The Dungeons of Doom. On T:1788 you advanced to experience level 3. On T:1808 you reached level 5 of The Dungeons of Doom. On T:2177 you advanced to experience level 4. On T:2288 you reached level 6 of The Dungeons of Doom. On T:2536 you reached level 7 of The Dungeons of Doom. On T:2650 you advanced to experience level 5. On T:3048 you prayed to The Lady. On T:3268 you advanced to experience level 6. On T:3488 you reached level 8 of The Dungeons of Doom. Score breakdown: Gold: 0 ( 0 points) Experience: 6 levels ( 500 points) Exploration: 8 levels ( 210 points) Discoveries: 17 items ( 850 points) Variety of kills: 29 monsters ( 1450 points) Major goal: (nothing yet) ( 0 points) Survival: died (score multiplied by 3) Total score: 9030 Latest messages: You throw 2 darts. The 1st dart hits the jackal. You kill the jackal! You displace kitty. a - a blessed +2 dart (in quiver). You see here a jackal corpse. a - a blessed +2 dart (in quiver). You stop exploring. The dart hits the dwarf! The dwarf thrusts his broad short sword at you. The dwarf stabs you! You kill the dwarf! a - 2 blessed +2 darts (in quiver). k - a hooded cloak. $ - 30 gold pieces. There are several more objects here. l - a large round shield. m - a pair of hard shoes. You stop exploring. The black unicorn butts! The black unicorn kicks! The black unicorn butts! The black unicorn kicks! You die... Final status: Aloha woodfighter the Tourist, killed by a black unicorn... You died in The Dungeons of Doom on dungeon level 7 with 9030 points, and 47 pieces of gold, after 3567 moves. You were level 6 with a maximum of 47 hit points when you died.